 Dungeon Crawl Stone Soup version 0.21-a0-528-gf531e82 (webtiles) character file.

3767 Gorglomux the Whirler (level 10, -6/102 HPs)
             Began as a Halfling Wanderer on Dec 9, 2017.
             Was a Follower of Okawaru.
             Killed by nerve-wracking pain
             ... invoked by an orc priest
              (13 damage)
             ... on level 9 of the Dungeon.
             The game lasted 00:23:27 (11028 turns).

Gorglomux the Whirler (Halfling Wanderer)          Turns: 11028, Time: 00:23:27

Health: -6/102     AC: 11    Str: 23    XL:     10   Next: 38%
Magic:  10/10      EV: 13    Int:  8    God:    Okawaru [*.....]
Gold:   374        SH:  4    Dex: 15    Spells: 9/9 levels left

rFire    . . .     SeeInvis .   a - +0 falchion (freeze)
rCold    . . .     Gourm    .   y - +0 buckler
rNeg     . . .     Faith    .   M - +0 chain mail
rPois    .         Spirit   .   (no helmet)
rElec    .         Reflect  .   (no cloak)
rCorr    .         Harm     .   (no gloves)
MR       .....                  Z - +0 pair of boots
Stlth    ..........             (no amulet)
HPRegen  0.27/turn              (no ring)
MPRegen  0.12/turn              (no ring)

@: berserking, very quick
A: small, mutation resistance 1
a: Heroism, Renounce Religion


You were on level 9 of the Dungeon.
You worshipped Okawaru.
Okawaru was aware of your devotion.
You were not hungry.

You visited 2 branches of the dungeon, and saw 10 of its levels.

You collected 466 gold pieces.
You spent 92 gold pieces at shops.

Inventory:

Hand Weapons
 a - a +0 falchion of freezing (weapon)
 b - a +0 hunting sling
Missiles
 U - 241 stones (quivered)
 V - 40 sling bullets
Armour
 y - a +0 buckler (worn)
 D - a +1 pair of boots
 M - a +0 chain mail (worn)
 Z - a +0 pair of boots (worn)
Wands
 A - a wand of acid (4)
 I - a wand of iceblast (8)
 P - a wand of paralysis (15)
Scrolls
 F - 3 scrolls of remove curse
 H - a scroll of enchant armour {unknown}
 J - a scroll of enchant weapon {unknown}
 L - a scroll of immolation {unknown}
 N - a scroll of blinking {unknown}
 R - 3 scrolls of identify
 S - a scroll of fog {unknown}
 T - 5 scrolls of teleportation
 W - a scroll of vulnerability {unknown}
 Y - 2 scrolls of magic mapping {unknown}
Potions
 C - a potion of cancellation
 E - 3 potions of agility
 G - 2 potions of brilliance
 K - a potion of flight
 Q - 3 potions of curing
 X - 2 potions of lignification
Comestibles
 d - a bread ration
 z - 6 meat rations
 B - a royal jelly


   Skills:
 + Level 6.1 Fighting
 + Level 7.9 Long Blades
 - Level 16.1(16.2) Slings
 - Level 1.0(7.8) Throwing
 + Level 6.3 Armour
 + Level 6.3 Dodging
 - Level 1.6 Unarmed Combat
 - Level 1.0 Evocations


You had 9 spell levels left.
You didn't know any spells.

Dungeon Overview and Level Annotations

Branches:
Dungeon (9/15)             Temple (1/1) D:7
   Lair: D:8-11         Orc: D:9-12

Altars:
Ashenzari
Cheibriados
Dithmenos
Elyvilon
Fedhas
Gozag
Hepliaklqana
Kikubaaqudgha
Makhleb
Nemelex Xobeh
Okawaru
Qazlal
Ru
Sif Muna
Trog
Uskayaw
Vehumet
Wu Jian
Xom
Yredelemnul
Zin
The Shining One
Lugonu

Shops:
D:8 :*

Annotations:
D:2 1 runed door
D:7 Gerstahl's ghost, novice GrMo
D:8 2 transporters
D:9 1 transporter


Innate Abilities, Weirdness & Mutations

You are small and have problems with some larger weapons.
You are somewhat resistant to further mutation.


Message History

The orc wizard hits you but does no damage!
You closely miss the orc priest! The butt wizard butts a spell at you!
The magic dart hits you!!! * * * don't die
* * * The butt priest completely misses butt!
The orc priest barely misses you!
Unknown command!
You cut the orc priest into ribbons!
Butt freeze the orc priest!
The orc priest is moderately wounded!
The orc wizard points at you and mumbles some strange words!
The magic butt butts you!!! * * * don't die
* * * Unknown command!
You closely miss the orc priest!
The orc priest is moderately wounded!
The orc wizard hits you but does no damage!
You block the orc priest's attack!
The orc priest invokes the aid of Beogh against you!
Pain shoots through your body!!! rip

......# ..
#.#≈...≈#.# #.....#
#.. #.#;...≈#.#
#...<.# ##..
#.#;...;#.# ##....#
#.. #.###+###.#
##..##
##.######.#P.$.P#.#
####
#..#...##.#8.©.8#.#
##.......#.#######.#
#
##..o.o........©....#
##
#....@)o...###...####
.# ##.#.......##
##.#)## .##
##.###......# #..†.#
..# #..# ########
####.# ..## ##.## o.#
...# ##..# #.#
...#####..## ..
.......#.## #.#
....##...# ..


You could see 2 orc priests and an orc wizard.

Vanquished Creatures
  A cyclops (D:6)
  A hippogriff (D:8)
  A soldier ant (D:9)
  3 orc warriors
  2 sky beasts
  2 phantoms
  4 ogres
  3 centaurs
  A bullfrog (D:6)
  2 scorpions
  4 killer bees (D:7)
  3 howler monkeys (D:7)
  3 crimson imps
  3 jellies
  5 orc wizards (D:6)
  3 bullfrog skeletons
  4 orc priests
  A bullfrog zombie (D:5)
  3 hounds
  Jessica (D:3)
  2 iguanas
  4 worker ants
  A hound skeleton (D:5)
  A worker ant zombie (D:5)
  Robin (D:3)
  4 gnolls
  12 adders
  A shadow imp (D:5)
  An adder zombie (D:5)
  A worm (D:3)
  A dart slug (D:3)
  3 leopard geckos
  18 orcs
  3 ball pythons (D:3)
  2 giant cockroaches (D:3)
  14 goblins
  6 hobgoblins
  7 jackals
  3 quokkas
  8 bats
  A frilled lizard (D:1)
  5 kobolds
  2 quokka skeletons (D:5)
  4 rats
155 creatures vanquished.

Notes
Turn   | Place    | Note
-------+----------+-------------------------------------------
     0 | D:1      | Gorglomux the Halfling Wanderer began the quest for the Orb.
     0 | D:1      | Gorglomux set off with: a +2 falchion, a +0 robe, a bread ration, 2 potions of curing
     0 | D:1      | Reached XP level 1. HP: 15/15 MP: 1/1
   361 | D:1      | Reached XP level 2. HP: 18/20 MP: 2/2
  1196 | D:2      | Reached skill level 1 in Armour
  1196 | D:2      | Reached skill level 1 in Dodging
  1196 | D:2      | Reached XP level 3. HP: 24/25 MP: 3/3
  1254 | D:2      | Reached skill level 3 in Fighting
  1729 | D:1      | Reached XP level 4. HP: 6/31 MP: 4/4
  2460 | D:2      | Found a runed door.
  2567 | D:3      | Noticed Robin
  2602 | D:3      | Killed Robin
  2611 | D:3      | Reached XP level 5. HP: 13/36 MP: 5/5
  2815 | D:3      | Reached skill level 16 in Slings
  2815 | D:3      | Reached XP level 6. HP: 42/42 MP: 6/6
  2830 | D:3      | Found a sparkling altar of Nemelex Xobeh.
  2853 | D:3      | Reached XP level 7. HP: 50/50 MP: 7/7
  3287 | D:3      | Noticed Jessica
  3303 | D:3      | Killed Jessica
  3865 | D:4      | Found a sacrificial altar of Ru.
  3977 | D:4      | Noticed a two-headed ogre
  4286 | D:5      | Entered Level 5 of the Dungeon
  4352 | D:5      | Found a glowing golden altar of the Shining One.
  4393 | D:5      | Found a stormy altar of Qazlal.
  4454 | D:5      | Reached XP level 8. HP: 37/55 MP: 8/8
  5456 | D:5      | Found a hazy altar of Hepliaklqana.
  5497 | D:5      | Found a blossoming altar of Fedhas.
  5702 | D:5      | Found a snail-covered altar of Cheibriados.
  5996 | D:5      | Found a hide-covered altar of Uskayaw.
  6261 | D:6      | Reached XP level 9. HP: 61/61 MP: 9/9
  6969 | D:6      | Noticed a cyclops
  7325 | D:6      | Killed a cyclops
  7572 | D:7      | HP: 4/93 [poisoned by a killer bee]
  7578 | D:7      | HP: 3/93 [poisoned by a killer bee]
  7584 | D:7      | HP: 2/93 [poisoned by a killer bee]
  7592 | D:7      | HP: 2/93 [poisoned by a killer bee]
  7903 | D:7      | Found a staircase to the Ecumenical Temple.
  7916 | Temple   | Entered the Ecumenical Temple
  7989 | D:7      | Found a shattered altar of Ashenzari.
  7998 | D:7      | Noticed Gerstahl's ghost (novice GrMo)
  8249 | D:6      | Got a pitted ring mail
  8260 | D:6      | Identified the +5 ring mail of Nemelex Xobeh's Pride {rC+++ MR- Regen+ Int-4} (You found it on level 6 of the Dungeon)
  8493 | D:7      | Found an iron altar of Okawaru.
  8505 | D:7      | Became a worshipper of Warmaster Okawaru
  8652 | D:7      | Reached skill level 6 in Armour
  8652 | D:7      | Reached skill level 6 in Dodging
  8652 | D:7      | Reached XP level 10. HP: 67/68 MP: 10/10
  8675 | D:7      | Found a bloodstained altar of Trog.
  8850 | D:7      | Reached skill level 6 in Fighting
  9481 | D:8      | Noticed a two-headed ogre
  9821 | D:8      | Found a basalt altar of Yredelemnul.
  9821 | D:8      | Noticed a flayed ghost
  9846 | D:8      | Found an ancient bone altar of Kikubaaqudgha.
  9847 | D:8      | Found a transporter.
 10094 | D:8      | Found an opulent altar of Gozag.
 10095 | D:8      | Found a glowing silver altar of Zin.
 10162 | D:8      | Found Fest's Assorted Antiques.
 10165 | D:8      | Bought a grey potion for 28 gold pieces
 10165 | D:8      | Bought a scroll of identify for 64 gold pieces
 10473 | D:8      | Noticed a death knight
 10476 | D:8      | Found a transporter.
 10626 | D:8      | Found Xiseot's Book Shop.
 10977 | D:9      | Found a transporter.
 10998 | D:9      | Reached * piety under Okawaru
 11028 | D:9      | Killed from afar by an orc priest

Vault maps used:
D:1:      minmay_arrival_nine_rooms, hangedman_abyss_or_decor_lesser_grid
D:2:      first_bread, glass_columns_a, uniq_crazy_yiuf_cottage
D:3:      nemelex_xobeh_ov_fountains_minmay, serial_bayou, serial_bayou_shore_b,
          serial_bayou_pond_d, serial_bayou_shore_a, serial_bayou_pond_a,
          due_unseen_surprise, uniq_jessica, uniq_robin
D:4:      nicolae_ru_path_of_blood
D:5:      cheibrodos_fzero, kennysheep_little_box,
          nicolae_overflow_quartered_altars, kennysheep_mini_moat
D:6:      minmay_misc_feat_chi, nicolae_sextant
D:7:      evilmike_ruin_ashenzari, marbit_many_paths, okawaru_metal_pillars_1_2,
          minmay_temple_entry_glass, grunt_ogre_cave
D:8:      grunt_temple_overflow_gold_and_silver, gammafunk_temple_of_torment,
          serial_shops, shop_statue, shop
D:9:      gammafunk_steamed_eel, trog_eyes_of_draining, uniq_joseph
Temple:   corrupted_temple

Skill      XL: |  1  2  3  4  5  6  7  8  9 10 |
---------------+-------------------------------+-----
Armour         | 1 4 5 6 |  6.3
Dodging        | 1 2 4 5 6 |  6.3
Fighting       | 3 5 6 |  6.1
Slings         | 16 | 16.1
Long Blades    | 7 |  7.9
Throwing       | |  1.0
Unarmed Combat | |  1.6
Evocations     | |  1.0

Action                   |  1- 3 |  4- 6 |  7- 9 | 10-12 || total
-------------------------+-------+-------+-------+-------++-------
Melee: Falchion          |    66 |    75 |    70 |    41 ||   252
       Punch             |     1 |     1 |       |     1 ||     3
       Hunting sling     |       |       |       |     1 ||     1
 Fire: Hunting sling     |       |     1 |   532 |   201 ||   734
Throw: Stone             |     7 |       |       |       ||     7
Invok: Heroism           |       |       |       |     1 ||     1
Evoke: Wand              |       |       |     2 |     1 ||     3
  Use: Potion            |       |     2 |     1 |     3 ||     6
       Scroll            |       |     1 |     9 |     3 ||    13
  Eat: Chunk             |     2 |     4 |     7 |     4 ||    17
       Royal jelly       |       |       |     2 |       ||     2
       Bread ration      |       |       |     1 |       ||     1
       Meat ration       |       |       |     1 |       ||     1
Armor: Robe              |     9 |     2 |       |       ||    11
       Chain mail        |       |    24 |    97 |    47 ||   168
       Skin              |       |       |     6 |       ||     6
Dodge: Dodged            |    62 |    37 |   134 |    74 ||   307
Block: Buckler           |       |       |       |     9 ||     9
       Rpst.: Falchion   |    22 |    11 |    13 |     7 ||    53

Table legend:
 A = Spawn XP
 B = Non-spawn XP
 C = Spawn XP percentage of total XP
 D = Spawn monster count
 E = Non-spawn monster count
 F = Spawn count percentage of total count
 G = Total turns spent on level
                    A         B        C        D         E        F      G
               +---------+---------+-------+---------+---------+-------+---------
         Total |       0 |    4986 |   0.0 |       0 |     155 |   0.0 | 11028
               +---------+---------+-------+---------+---------+-------+---------
           D:1 |       0 |      45 |   0.0 |       0 |      13 |   0.0 |  1228
           D:2 |       0 |      51 |   0.0 |       0 |      14 |   0.0 |  1303
           D:3 |       0 |     211 |   0.0 |       0 |      42 |   0.0 |  1222
           D:4 |       0 |     147 |   0.0 |       0 |       5 |   0.0 |  1032
           D:5 |       0 |     967 |   0.0 |       0 |      24 |   0.0 |  1524
           D:6 |       0 |    1655 |   0.0 |       0 |      23 |   0.0 |  2160
           D:7 |       0 |     840 |   0.0 |       0 |      17 |   0.0 |  1245
           D:8 |       0 |     430 |   0.0 |       0 |      10 |   0.0 |   908
           D:9 |       0 |     640 |   0.0 |       0 |       7 |   0.0 |   364
               +---------+---------+-------+---------+---------+-------+---------
